Map: Ever Dream LE

Players

Spatz - Winner!

  • Race: Protoss Protoss
  • League: Master
  • Spawn Location: 7:00

GunGFuBanDa

  • Race: Protoss Protoss
  • League: Master
  • Spawn Location: 1:00

Event: DreamHack SC2 Masters 2020 Summer Europe

VOD

Have the link to the VOD?

Description

Time

  • Played on: June 25, 2020, 10:44 a.m.
  • Length: 10:20

All games in this series

Show
View Real Time Build Order
Export as new Build Order

Spatz Protoss - Winner!

Build Orders: Zealot Archon 

Get SALT Encoding   

  12  0:01  Probe  
  13  0:13  Probe  
  14  0:17  Pylon  
  14  0:23  Probe  
  15  0:31  Probe  
  16  0:37  Gateway  
  16  0:39  Probe  
  16  0:46  Assimilator  
  17  0:51  Probe  
  17  0:54  Assimilator  
  18  1:00  Probe  
  19  1:06  Gateway  
  19  1:08  Probe  
  19  1:18  Probe  
  21  1:25  Cybernetics Core  
  21  1:30  Probe  
  22  1:33  Pylon  
  22  1:42  Probe  
  24  1:54  Probe  
  24  2:01  Stalker x2  
  24  2:02  Warp Gate  
  24  2:06  Probe  
  29  2:17  Pylon  
  29  2:22  Pylon  
  29  2:24  Probe  
  30  2:35  Sentry  
  32  2:37  Sentry  
  34  2:47  Probe  
  35  2:51  Nexus  
  35  2:57  Pylon  
  35  3:05  Stalker  
  35  3:06  Sentry  
  39  3:16  Probe  
  40  3:23  Robotics Facility  
  40  3:25  Probe  
  40  3:33  Probe  
  42  3:43  Probe  
  43  3:49  Adept x2, Shield Battery  
  47  3:59  Pylon  
  47  4:01  Probe  
  47  4:03  Probe  
  49  4:10  Probe  
  49  4:15  Probe  
  49  4:16  Adept x2  
  55  4:19  Observer  
  55  4:20  Probe  
  57  4:28  Probe  
  54  4:40  Immortal, Forge, Probe  
  54  4:41  Twilight Council  
  54  4:42  Probe  
  60  4:49  Probe  
  60  4:50  Probe  
  61  4:52  Assimilator  
  61  4:54  Assimilator  
  61  4:57  Probe  
  61  4:59  Probe  
  62  5:07  Probe  
  64  5:09  Probe  
  64  5:10  Pylon  
  64  5:11  Protoss Ground Weapons Level 1  
  62  5:19  Charge, Probe  
  63  5:22  Gateway  
  63  5:24  Warp Prism  
  65  5:32  Pylon  
  65  5:35  Gateway  
  65  5:40  Gateway  
  65  5:47  Gateway  
  65  5:48  Gateway  
  65  5:55  Templar Archives  
  65  5:56  Pylon  
  65  5:58  Immortal  
  69  6:08  Phoenix  
  66  6:18  Probe  
  66  6:20  Probe  
  67  6:30  Probe, Zealot x4  
  67  6:32  Probe  
  77  6:39  Pylon  
  77  6:40  Pylon  
  77  6:58  Pylon  
  77  6:59  High Templar x3  
  77  7:00  High Templar, Zealot x3  
  91  7:02  Pylon  
  91  7:03  Archon  
  91  7:04  Archon  
  91  7:17  Protoss Ground Weapons Level 2  
  91  7:23  Zealot x3  
  91  7:28  Gateway  
  97  7:35  Probe  
  98  7:47  Probe x2  
  98  7:49  Zealot x2  
  98  7:50  Zealot x3  
  109  7:59  Probe  
  109  8:03  Pylon  
  109  8:05  Pylon  
  110  8:06  Pylon  
  110  8:23  Probe  
  110  8:25  Nexus  
  110  8:26  Probe  
  106  8:35  Zealot x5  
  114  8:43  Probe  
  114  8:46  Dark Shrine  
  115  8:53  Pylon  
  115  8:57  Pylon  
  115  9:06  High Templar  
  115  9:07  Archon x2, High Templar x3  
  115  9:08  Archon  
  115  9:09  Zealot  
  125  9:10  Archon  
  125  9:11  Archon  
  125  9:19  Probe  
  125  9:21  Probe, Pylon  
  127  9:32  Probe  
  127  9:33  Robotics Bay, Probe  
  127  9:35  Robotics Facility  
  129  9:40  High Templar x3  
  129  9:41  High Templar, Probe  
  129  9:44  Probe  
  129  9:45  Probe  
  134  9:46  Archon, Zealot x3  
  134  9:47  Archon  
  124  9:53  Probe, Zealot  
  124  9:57  Probe, Zealot  
  107  10:07  Zealot x3  
  98  10:12  Zealot x2  
Show
View Real Time Build Order
Export as new Build Order

GunGFuBanDa Protoss 

Build Orders:  

Get SALT Encoding   

  12  0:01  Probe  
  13  0:13  Probe  
  14  0:19  Pylon  
  14  0:25  Probe  
  15  0:33  Probe  
  15  0:38  Gateway  
  15  0:41  Probe  
  16  0:46  Assimilator  
  17  0:51  Probe  
  17  0:54  Assimilator  
  18  1:01  Probe  
  19  1:09  Probe  
  19  1:10  Gateway  
  19  1:18  Probe  
  21  1:25  Cybernetics Core  
  21  1:30  Probe  
  22  1:33  Pylon  
  22  1:42  Probe  
  23  1:54  Probe  
  24  2:02  Sentry, Stalker, Warp Gate  
  24  2:08  Probe  
  29  2:15  Pylon  
  29  2:27  Pylon  
  29  2:40  Nexus  
  29  2:42  Stalker  
  29  2:43  Stalker  
  32  2:54  Probe  
  33  3:07  Probe  
  34  3:13  Robotics Facility  
  34  3:19  Probe  
  35  3:21  Shield Battery  
  35  3:30  Probe  
  36  3:38  Probe  
  36  3:43  Forge  
  36  3:46  Probe  
  36  3:48  Probe  
  37  3:52  Sentry x2  
  43  3:56  Probe  
  43  3:57  Probe  
  43  4:00  Observer  
  46  4:06  Probe  
  46  4:09  Probe  
  48  4:15  Protoss Ground Weapons Level 1  
  48  4:18  Probe  
  48  4:19  Shield Battery, Probe  
  48  4:20  Pylon  
  48  4:21  Adept  
  48  4:22  Adept  
  53  4:27  Probe  
  53  4:30  Shield Battery, Probe  
  50  4:37  Probe  
  51  4:40  Warp Prism  
  54  4:46  Shield Battery  
  54  4:48  Probe  
  55  4:54  Stalker, Observer  
  55  4:55  Probe  
  58  5:02  Probe  
  57  5:07  Probe  
  57  5:10  Probe  
  58  5:19  Probe x2  
  58  5:20  Pylon  
  60  5:31  Probe x2  
  60  5:32  Pylon  
  60  5:34  Twilight Council  
  62  5:38  Immortal  
  62  5:39  Pylon  
  62  5:40  Adept, Assimilator  
  62  5:41  Adept, Assimilator  
  66  5:43  Probe x2  
  68  5:54  Pylon  
  72  6:01  Probe  
  72  6:02  Probe  
  70  6:10  Immortal  
  70  6:15  Charge  
  70  6:16  Protoss Ground Weapons Level 2  
  74  6:29  Gateway x2  
  74  6:40  Gateway  
  74  6:42  Gateway x2  
  74  6:44  Gateway  
  74  6:48  Pylon  
  74  6:58  Probe  
  74  7:00  Templar Archives  
  75  7:11  Nexus  
  75  7:12  Pylon  
  75  7:13  Zealot x2  
  79  7:26  Probe  
  79  7:27  Probe  
  81  7:38  Zealot x4, Probe  
  81  7:39  Probe, Zealot x2  
  95  7:48  Pylon  
  95  7:50  Probe, Zealot x2  
  100  7:56  Shield Battery  
  100  8:05  High Templar  
  102  8:06  High Templar  
  102  8:07  High Templar  
  102  8:08  High Templar  
  102  8:10  Pylon  
  102  8:11  Archon  
  108  8:17  Archon  
  108  8:18  Zealot  
  108  8:19  Pylon  
  110  8:21  Pylon  
  110  8:27  Warp Prism  
  108  8:28  Observer  
  100  8:41  Zealot  
  100  8:42  High Templar, Zealot x4  
  100  8:43  High Templar, Zealot  
  100  8:45  Warp Prism  
  100  8:46  Archon  
  110  8:49  Nexus  
  110  9:06  Shield Battery  
  110  9:10  High Templar x3  
  110  9:11  High Templar  
  110  9:14  Archon  
  110  9:15  Archon  
  118  9:39  Pylon  
  118  9:43  Pylon  
  118  9:44  Pylon  
  118  9:46  Archon, Pylon  
  118  9:49  Archon  
  118  9:52  Zealot x8  
  90  10:16  Zealot x6  
  90  10:17  Zealot x2  
Tags
 
Add a new tag
Caveats
  • Supply blocks, unpowered buildings, or Contaminate may cause inaccurate times.
  • Supply counts are checked every 10 seconds.